Cogmind - Beta 14 @@@ ROGUE MODE // 2024.08.14 @ 22:31:23 Player: opdo Result: Destroyed by S-10 Pest with Light Assault Rifle Performance ------------- Evolutions (0) 0 Regions Visited (2) 400 Robots Destroyed (31) 155 Value Destroyed (981) 981 Prototype IDs (0) 0 Alien Tech Used (0) 0 Bonus (0) 0 TOTAL SCORE: 1536 Bonus ------- None Cogmind --------- Core Integrity 0/250 Matter 290/300 Energy 200/200 System Corruption 0% Temperature Cool (0) Movement Rolling (110) Location -10/Subcaves Parts ------- > --- POWER (1) -------- Subdweller Power Source > --- PROPULSION (2) --- Subdweller Monowheel > --- UTILITY (2) ------ Disposable Heat Sink Subdweller Optics > --- WEAPON (2) ------- Subdweller Laser Subdweller Beam Cannon > --- INVENTORY (5) ---- Subdweller Power Source Subdweller Power Source Hacking Suite Subdweller Machine Gun Mining Laser Peak State ------------ > --- POWER ------------ Ion Engine > --- PROPULSION ------- Light Treads Subdweller Monowheel > --- UTILITY ---------- Scrap Shield > --- WEAPON ----------- Subdweller Laser Subdweller Beam Cannon > --- INVENTORY -------- Subdweller Power Source Subdweller Power Source Hacking Suite Subdweller Machine Gun Mining Laser [Rating: 13] Favorites ----------- Power Ion Engine Engine Ion Engine Power Core Light Nuclear Core Propulsion Light Treads Treads Light Treads Leg Aluminum Leg Wheel Subdweller Monowheel Utility Small Storage Unit Device Improved Heat Sink Storage Small Storage Unit Protection Scrap Shield Weapon Subdweller Beam Cannon Energy Gun Subdweller Laser Energy Cannon Subdweller Beam Cannon Ballistic Gun Assault Rifle Special Weapon Mining Laser Build | -11 -10 -10 ------- Run | Yrd Mat Sub Slots Evolved . | . . . Power . | . . . Propulsion . | . . . Utility . | . . . Weapon . | . . . Parts Attached 33 | 7 12 14 Power 5 | 1 2 2 Engine 4 | 1 1 2 Core 1 | . 1 . Reactor . | . . . Propulsion 7 | 2 3 2 Treads 2 | . 2 . Leg 3 | 2 1 . Wheel 2 | . . 2 Hover . | . . . Flight . | . . . Utility 7 | 2 2 3 Device 5 | 1 2 2 Storage 1 | 1 . . Processor . | . . . Hackware . | . . . Protection 1 | . . 1 Artifact . | . . . Weapon 14 | 2 5 7 Energy Gun 6 | 2 2 2 Energy Cannon 3 | . . 3 Ballistic Gun 3 | . 1 2 Ballistic Cannon . | . . . Launcher . | . . . Special Weapon 2 | . 2 . Impact Weapon . | . . . Slashing Weapon . | . . . Piercing Weapon . | . . . Special Melee Weapon . | . . . Unidentified Prototypes . | . . . Parts Lost 9 | . 3 6 Power 1 | . . 1 Propulsion 4 | . 2 2 Utility 1 | . . 1 Weapon 3 | . 1 2 Highest Loss Streak 3 | . 2 3 To Critical Strikes 1 | . . 1 Average Slot Usage (%) 94 | . 100 90 Engine 11 | . 8 13 Core 2 | . 5 . Treads 20 | . 15 23 Leg 4 | . 12 . Wheel 1 | . . 2 Device 10 | . 14 8 Storage 10 | . 14 7 Protection 3 | . . 5 Energy Gun 16 | . 20 14 Energy Cannon 8 | . . 13 Ballistic Gun 2 | . 7 . Peak Build Rating 13 | 7 12 13 Average Rating 10 | 5 9 11 On Entrance 6 | . 7 12 Naked Turns . | . . . Heaviest Build 35 | 12 14 35 Greatest Support 40 | 20 40 40 Greatest Overweight (x) 5 | . 3 5 Average Overweight (x) . | . . . Largest Inventory Capacity 8 | 8 8 8 Average Capacity 7 | 7 8 6 Most Carried 8 | 5 8 8 Average Carried 6 | 3 6 6 Final Capacity 8 | 8 8 5 Final Carried 8 | 5 8 5 Class Distribution -------------------- 75% | Mutant 24% | Subdweller-Mutant Dominant Class ---------------- Mutant | -10/Materials Mutant | -10/Subcaves Resources | -11 -10 -10 ----------- Run | Yrd Mat Sub Matter Collected 553 | 270 167 116 Remotely . | . . . Salvage Created 1276 | 111 650 515 Parts 63 | 3 30 30 Haulers Intercepted 1 | . 1 . Recyclers Shooed 2 | 1 1 . Parts Field Recycled . | . . . Retrieved Matter . | . . . Parts Self-Destructed 12 | . . 12 Prevented . | . . . Kills | -11 -10 -10 ------- Run | Yrd Mat Sub Combat Hostiles Destroyed 27 | . 14 13 Guns 21 | . 14 7 Cannons 6 | . . 6 Classes Destroyed 9 | 2 3 4 Tunneler 1 | 1 . . Hauler 1 | . 1 . Recycler 1 | 1 . . Operator 1 | . 1 . Swarmer 3 | . . 3 Grunt 14 | . 14 . Sentry 1 | . . 1 Artisan 1 | . . 1 Subdweller 9 | . . 9 Best Kill Streak 4 | 1 4 3 Combat Bots Only 4 | . 4 3 Max Kills in Single Turn 2 | 1 1 2 Gunslinging . | . . . Exploded . | . . . Melee . | . . . Uniques/NPCs Destroyed . | . . . Combat | -11 -10 -10 -------- Run | Yrd Mat Sub Hostile Shots Fired 132 | . 78 54 Missed 40 | . 21 19 Damage Taken 1526 | . 829 697 Core 251 | . 200 51 Absorbed by Shields . | . . . Core Remaining (%) 100 | 100 . . Volleys Fired 118 | 11 65 42 Largest 2 | 2 2 2 Hottest 140 | 90 100 140 Shots Fired 215 | 22 125 68 Gun 188 | 22 122 44 Cannon 24 | . . 24 Launcher . | . . . Special 3 | . 3 . Kinetic 26 | . 24 2 Thermal 189 | 22 101 66 Explosive . | . . . Electromagnetic . | . . . Robot Hit Streak 27 | 2 14 27 Robot Miss Streak 4 | 4 4 2 Penetration Max . | . . . Secondary Targets . | . . . Shots Hit Robots 160 | 11 93 56 Core Hits 59 | 3 37 19 Critical Kills 1 | . . 1 Critical Parts Destroyed . | . . . Critical Strikes 4 | . 3 1 Burn 3 | . 3 . Destroy 1 | . . 1 Melee Attacks . | . . . Impact . | . . . Slashing . | . . . Piercing . | . . . Sneak Attacks . | . . . Combat Hostiles . | . . . Follow-up Attacks . | . . . Damage Inflicted 2375 | 155 1123 1097 Guns 1916 | 155 1123 638 Cannons 459 | . . 459 Explosions . | . . . Melee . | . . . Ramming . | . . . Kinetic 278 | . 258 20 Thermal 2097 | 155 865 1077 Explosive . | . . . Electromagnetic . | . . . Impact . | . . . Slashing . | . . . Piercing . | . . . Highest Corruption . | . . . Average Corruption . | . . . Corruption Purged . | . . . Corruption Blocked . | . . . Overload Shots . | . . . Overflow Damage . | . . . Projectiles . | . . . Explosions . | . . . Melee . | . . . Knockbacks . | . . . Impact . | . . . Kinetic . | . . . Secondary . | . . . Self-Inflicted Damage . | . . . Shots . | . . . Rammed . | . . . Targets Rammed . | . . . Kicked . | . . . Crushed . | . . . Highest Temperature 484 | 202 484 247 Average Temperature 135 | 96 175 59 Received Heat Transfer 819 | . 375 444 Effects 7 | 1 6 . Shutdowns 1 | . 1 . Energy Bleed 1 | 1 . . Short Circuit 1 | . 1 . Damage (major) 4 | . 4 . Siege Activations . | . . . Robots Corrupted . | . . . Combat Hostiles . | . . . Parts Fried . | . . . Impact Corruptions . | . . . Robots Melted . | . . . Combat Hostiles . | . . . Parts Melted 13 | 1 6 6 Heat Transferred 4454 | 421 2504 1529 Parts Sabotaged . | . . . Parts Stolen . | . . . Parts Stripped . | . . . Power Chain Reactions . | . . . Alert | -11 -10 -10 ------- Run | Yrd Mat Sub Peak Influence 218 | 10 218 . Initial 6 | . 6 . Average 113 | 2 129 . Maximum Alert Level 1 | . 1 . Low Security (%) 92 | 100 91 . Level 1 7 | . 8 . Level 2 . | . . . Level 3 . | . . . Level 4 . | . . . Level 5 . | . . . High Security . | . . . Max Security . | . . . Squads Dispatched 5 | . 5 . Investigation 3 | . 3 . Extermination . | . . . Reinforcement 2 | . 2 . Assault . | . . . Garrison . | . . . Intercept . | . . . Searches Triggered . | . . . Construction Impeded . | . . . Haulers Reinforced . | . . . Active Scanning Responses . | . . . Cargo Convoy Interrupts . | . . . Stealth | -11 -10 -10 --------- Run | Yrd Mat Sub Distress Signals 1 | . 1 . Communications Jammed . | . . . Distress Signals . | . . . Times Spotted 37 | . 20 17 Peak Tracking Total 5 | . 5 2 Tactical Retreats 1 | . 1 . Traps | -11 -10 -10 ------- Run | Yrd Mat Sub Traps Triggered 3 | . 3 . Indirectly . | . . . Trap Hack Attempts . | . . . Triggered . | . . . Disarmed . | . . . Reprogrammed . | . . . Reused . | . . . Traps Extracted . | . . . Installed . | . . . Triggered . | . . . Machines | -11 -10 -10 ---------- Run | Yrd Mat Sub Machines Disabled . | . . . Max in Single Turn . | . . . Machines Repaired . | . . . Machines Dismantled . | . . . Machines Sabotaged . | . . . Overloaded Fab Kills . | . . . Hacking | -11 -10 -10 --------- Run | Yrd Mat Sub Machines Accessed 4 | . 4 . Terminals 3 | . 3 . Fabricators . | . . . Repair Stations . | . . . Recycling Units 1 | . 1 . Scanalyzers . | . . . Garrison Access . | . . . Total Hacks 11 | . 11 . Successful 5 | . 5 . Failed 6 | . 6 . Catastrophic . | . . . Database Lockouts . | . . . Manual 6 | . 6 . Terminals 9 | . 9 . Fabricators . | . . . Repair Stations . | . . . Recycling Units 2 | . 2 . Scanalyzers . | . . . Garrison Access . | . . . Terminal Hacks 3 | . 3 . Locate Traps 1 | . 1 . Hauler Manifests 1 | . 1 . Zone Layout 1 | . 1 . Fabricator Hacks . | . . . Repair Station Hacks . | . . . Recycling Unit Hacks . | . . . Scanalyzer . | . . . Garrison Access Hacks . | . . . Unauthorized Hacks 2 | . 2 . Terminals 2 | . 2 . Botnet 2 | . 2 . Fabricators . | . . . Repair Stations . | . . . Recycling Units . | . . . Scanalyzers . | . . . Garrison Access . | . . . Data Cores Recovered . | . . . Used . | . . . Hacking Detections 4 | . 4 . Full Trace Events 1 | . 1 . Feedback Events . | . . . Feedback Blocked . | . . . Robot Schematics Acquired . | . . . Robots Built . | . . . Authchips . | . . . Time . | . . . Total Robot Build Rating . | . . . Part Schematics Acquired . | . . . Parts Built . | . . . Authchips . | . . . Time . | . . . Total Part Build Rating . | . . . Parts Repaired . | . . . Time . | . . . Parts Recycled . | . . . Recycled Matter . | . . . Retrieved Matter . | . . . Retrieved Components . | . . . Parts Scanalyzed . | . . . Part Schematics Acquired . | . . . Parts Damaged . | . . . Bothacking | -11 -10 -10 ------------ Run | Yrd Mat Sub Used RIF Installer . | . . . Robots Hacked . | . . . Non-combat . | . . . Combat . | . . . Robot Hacks Applied . | . . . Relay Couplers Released . | . . . Fabnet Peak Effective % . | . . . Robots Rewired . | . . . Allies Hacked . | . . . Hacks Repelled . | . . . Allies | -11 -10 -10 -------- Run | Yrd Mat Sub Total Allies . | . . . Largest Group . | . . . Highest-Rated Group . | . . . Highest-Rated Ally . | . . . Total Orders . | . . . Ally Attacks . | . . . Total Damage . | . . . Kills . | . . . Allies Corrupted . | . . . Allies Melted . | . . . Intel | -11 -10 -10 ------- Run | Yrd Mat Sub Robot Analysis Total . | . . . Derelict Logs Recovered 1 | . . 1 Drone Launches . | . . . Drone Recoveries . | . . . Exploration | -11 -10 -10 ------------- Run | Yrd Mat Sub Turns Passed 2435 | 115 833 1487 Spaces Moved 1297 | 60 375 862 Core 14 | 7 2 5 Treads 870 | . 199 671 Legs 227 | 53 174 . Wheels 186 | . . 186 Hover . | . . . Flight . | . . . Fastest Speed 50 | 50 120 110 Average Speed 149 | 111 141 155 Slowest Speed 300 | 120 200 300 Overloaded Moves . | . . . Propulsion Burnouts . | . . . Robots Hopped . | . . . Cave-ins Triggered . | . . . Exploration Rate (%) 50 | 4 84 63 Regions Visited 2 Branch Regions 1 Pre-discovered Areas . | . . . Known Exits Taken . | . . . Unknown Exits Taken 2 | 1 1 . Scrap Searched . | . . . Spaces Dug 2 | . 2 . Terrain Destroyed 8 | . 2 6 Melee . | . . . Projectile 8 | . 2 6 AOE . | . . . Terrain Rammed . | . . . Walls Destroyed . | . . . Machines Disabled . | . . . Actions | -11 -10 -10 --------- Run | Yrd Mat Sub Total 1568 | 82 543 943 Wait 90 | . 83 7 Move 1295 | 59 374 862 Hop . | . . . Pick Up 16 | 5 5 6 Fast Attach 12 | 7 . 5 Attach 6 | . 3 3 Detach . | . . . Swap 15 | . 9 6 Drop 16 | . 4 12 Fire 118 | 11 65 42 Melee . | . . . Ram . | . . . Kick . | . . . Crush . | . . . Escape Stasis . | . . . Rewire . | . . . Trap . | . . . Miscellaneous . | . . . Route ------- -11/Scrapyard -10/Materials (discovered 4 exits: [*Mat x2] / [*Min] / [*Sub]) -10/Subcaves (discovered 1 exit: [*Rec]) History --------- Turn | Location | Event 4 | -11/Scrapyard | Discovered new exit (range 16) 116 | -11/Scrapyard | Entered Materials 326 | -10/Materials | Build established: Mutant 455 | -10/Materials | Discovered new exit (range 8) 475 | -10/Materials | Core integrity fell below 50% 706 | -10/Materials | Discovered new exit (range 6) 859 | -10/Materials | Discovered new exit (range 15) 943 | -10/Materials | Discovered new exit (range 3) 949 | -10/Materials | Entered Subcaves 1021 | -10/Subcaves | Lost 3 parts (1p2w) 1224 | -10/Subcaves | Shifting Twisted Machinery released Sub. Power Source 1549 | -10/Subcaves | A swath of the cavern ceiling suddenly collapsed 2080 | -10/Subcaves | Build established: Subdweller-Mutant 2098 | -10/Subcaves | Learned location of 1 exit from Materials 2375 | -10/Subcaves | Core integrity fell below 20% 2435 | -10/Subcaves | Discovered new exit (range 8) 2436 | -10/Subcaves | Destroyed by S-10 Pest with Light Assault Rifle Last Messages --------------- 02366_ HD-9FF(u) destroyed. 02367_ Scrap Shield destroyed. 02369_ Lgt. Treads destroyed. 02370_ IG-ASH(O) collects matter. 02375_ Sub. Power Source melted. 02375_ SC-XVU(R) destroyed. 02390_ Subatomizers dissect the Multitool. 02390_ Acquired Sub. Monowheel. 02394_ IG-ASH(O) puts together Riot Gun. 02395_ Acquired Sub. Optics. 02401_ Dropped Sub. Machine Gun. 02401_ Acquired Sub. Machine Gun. 02402_ Subatomizers dissect the Multitool. 02412_ JI-NAT(R): "ECOKILL!" 02416_ Subatomizers dissect the Multitool. 02417_ JI-NAT(R) destroyed. 02423_ Acquired Disposable Heat Sink. 02426_ Acquired 40 matter. 02428_ Dropped Ion Engine. 02435_ EXIT=FOUND Map ----- +----------------------------------------------------+ | ?????????????????????????? ??????????????## | | ??????????????????????????? ??????????????### ] | | ???????????????????????????? ????????########## | | ????????????????????????????? ????#### " ### | | ?????????????????????????????? ????# ## | | ?????????????????????????????## ???## | | ???????????????????? ???????# #???# #### # # | | ??????????????? ??? ???????# #### #?#### # | | ????????????? ?? ???????# #???# [# | | ?????????????? ?# ???????### # #???# # | | ??????????????? ## ?????????## #####???## # | | ???????????????? ??????### ######???# # | | ????????????????? ??????# ## ## #???## ### | | ?????????????????? ??????# [ [ ####?###?? | | ??????????????????? % ?????## ]& * #???### | | ???????????????????? ????## | | ###### | | ????????????????????? #??## ## #?# | | ?????????????????????# ### &"### ### ## | | ?????????????????????# ###%&#?###?## "##### | | ??????????????????????# #?#"*#???????#""#???# | | ??????????????????????# ### "#????????###???# | | ??????????????????????# ## ###???????????## | | ??????????????????????# " #####??????##" | | ??????????????????????# "#????##"" | | ??????????????????????# # ### """" "#??## " | | ??????????????????????# @#####??# "" " #### | | ???????????????????#" s ??????" | | ???????????????????# s #????? ## | | ???????????????????# #??????### " ##### | | ???????????????????#" t t "#????????#######????? | | ???????????????????#" " " "#???????????????????? | | ???????????????????#"""" """"#???????????????????? | | ???????????????????#####<#####???????????????????? | | ???????????????????????##????????????????????????? | | ?????????????????????????????????????????????????? | | ?????????????????????????????????????????????????? | | ?????????????????????????????????????????????????? | | ?????????????????????????????????????????????????? | | ?????????????????????????????????????????????????? | | ?????????????????????????????????????????????????? | | ?????????????????????????????????????????????????? | | ?????????????????????????????????????????????????? | | ?????????????????????????????????????????????????? | | ?????????????????????????????????????????????????? | | ?????????????????????????????????????????????????? | | ?????????????????????????????????????????????????? | | ?????????????????????????????????????????????????? | | ?????????????????????????????????????????????????? | | ?????????????????????????????????????????????????? | | ?????????????????????????????????????????????????? | +----------------------------------------------------+ Best States ------------- Heat Dissipation 39 Coolant Potential 50 Energy Generation 15 Energy Capacity 250 Matter Stores 300 Matter Capacity 300 Sight Range 21 Terrain Scan Density 10 Armor Coverage 800 Evasion (%) 55 Recoil Reduction 2 Item Schematics ----------------- None Robot Schematics ------------------ None Fabricated ------------ Nothing Alien Tech Used ----------------- None Achievements -------------- None Challenges ------------ None Game ------ Seed StormHeavyBooster Manual? 0 Play Time 00:15:16 Cumulative 56.0 hours Start 2024.08.14 @ 22:19:22 End 2024.08.14 @ 22:31:23 Sessions 1 Manual Loads 0 Difficulty Rogue Special Mode None Game No. 162 Rogue 160 Adventurer 2 Explorer 0 Win Type - Total 0 Types 0/0/0/0/0/0/0/0/0 Lore% 42 Gallery% 49 Achievement% 37 Wizard Run 0 Options --------- Layout 2 ASCII 0 Keyboard 0 Movement Arrows Keybinds 0 Fullscreen 2 Font 24/Smallcaps Map View 50x44 Zoom Use 0% Tactical HUD 1 Map Filters NONE Filters NONE Steam 1 RUN: a2268772-f91f-412c-b661-0a8146a10d17